 Dungeon Crawl Stone Soup version 0.21-a0-426-g98080a9 (webtiles) character file.

2674 kae the Martial Artist (level 9, -1/75 HPs)
             Began as a Grey Draconian Transmuter on Nov 7, 2017.
             Was a Believer of Wu Jian.
             Slain by an orc wizard
             ... wielding a +0 dagger
              (6 damage)
             ... on level 6 of the Dungeon.
             The game lasted 00:11:31 (8677 turns).

kae the Martial Artist (Grey Draconian Transmuter)  Turns: 8677, Time: 00:11:32

Health: -1/75      AC:  2    Str: 12    XL:     9   Next: 37%
Magic:  23/26      EV: 19    Int: 13    God:    Wu Jian [**....]
Gold:   473        SH:  0    Dex: 21    Spells: 8/19 levels left

rFire    . . .     SeeInvis +     - Unarmed
rCold    . . .     Gourm    .   (shield currently unavailable)
rNeg     . . .     Faith    .   (armour unavailable)
rPois    x         Spirit   .   (helmet currently unavailable)
rElec    .         Reflect  .   (cloak currently unavailable)
rCorr    .         Harm     .   (gloves currently unavailable)
MR       .....                  (boots currently unavailable)
Stlth    ++........             (no amulet)
HPRegen  0.22/turn              r - ring of see invisible
MPRegen  0.20/turn              p - ring of magical power

@: spider-form (expiring), drained
A: (walk through water), unfitting armour, AC +12
a: End Transformation, Renounce Religion


You were on level 6 of the Dungeon.
You worshipped Wu Jian.
Wu Jian was pleased with you.
You were not hungry.
You were a venomous arachnid creature.
You visited 2 branches of the dungeon, and saw 8 of its levels.
You also visited: Sewer.

You collected 473 gold pieces.

Inventory:

Hand Weapons
 k - a +2 flail of protection (melded)
Missiles
 a - 119 arrows
Armour
 d - a +1 pair of boots (melded)
Jewellery
 p - a ring of magical power (right front leg)
 r - a ring of see invisible (left front leg)
 G - a cursed ring of teleportation {unknown}
Wands
 y - a wand of lightning (11/15)
 F - a wand of random effects (17/48)
Scrolls
 e - a scroll of magic mapping
 g - 3 scrolls of recharging
 l - 3 scrolls of remove curse
 n - 3 scrolls of enchant armour
 s - 2 scrolls of teleportation
 C - a scroll of fog
 D - 2 scrolls of identify
 E - a scroll of fear
Potions
 f - 2 potions of agility
 h - a potion of ambrosia {unknown}
 m - 2 potions of lignification {unknown}
 o - a potion of berserk rage {unknown}
 u - 4 potions of magic
 w - 3 potions of brilliance
 x - a potion of mutation {unknown}
 A - a potion of haste {unknown}
 B - 2 potions of heal wounds {unknown}
Books
 b - a book of Changes

   Spells                             Type                      Level
   a - Beastly Appendage              Transmutation                1
   b - Sticks to Snakes               Transmutation                2
   c - Spider Form                    Transmutation/Poison         3
   d - Ice Form                       Ice/Transmutation            4
   e - Blade Hands                    Transmutation                5
 j - a book of the Warp

   Spells                             Type                      Level
   a - Gell's Gravitas                Translocation                3
   b - Portal Projectile              Hexes/Translocation          3
   c - Force Lance                    Conjuration/Translocation    4
   d - Dispersal                      Translocation                6
   e - Controlled Blink               Translocation                8
   f - Disjunction                    Translocation                8
 t - a book of Misfortune

   Spells                             Type                      Level
   a - Confusing Touch                Hexes                        1
   b - Confuse                        Hexes                        3
   c - Gell's Gravitas                Translocation                3
   d - Petrify                        Transmutation/Earth          4
   e - Metabolic Englaciation         Hexes/Ice                    5
   f - Yara's Violent Unravelling     Hexes/Transmutation          5
 H - a book of Power

   Spells                             Type                      Level
   a - Iskenderun's Battlesphere      Conjuration/Charms           5
   b - Venom Bolt                     Conjuration/Poison           5
   c - Bolt of Magma                  Conjuration/Fire/Earth       5
   d - Iron Shot                      Conjuration/Earth            6
   e - Orb of Destruction             Conjuration                  7
   f - Spellforged Servitor           Conjuration/Summoning        7
Comestibles
 c - 4 bread rations
 i - 5 fruits
 q - 3 meat rations
 v - 2 chunks of flesh
 z - 2 royal jellies


   Skills:
 + Level 6.2(5.5) Fighting
 - Level 1.7(1.1) Dodging
 * Level 8.8(8.0) Unarmed Combat
 + Level 5.5(4.9) Spellcasting
 + Level 6.0(5.3) Transmutations


You had 8 spell levels left.
You knew the following spells:

 Your Spells              Type           Power        Failure   Level  Hunger
a - Beastly Appendage     Tmut           ###...       8%          1    None
b - Sticks to Snakes      Tmut           ###.....     11%         2    ##.....
c - Spider Form           Tmut/Pois      ##........   38%         3    ###....
d - Blade Hands           Tmut           ###.......   71%         5    ######.


Dungeon Overview and Level Annotations

Branches:
Dungeon (7/15)             Temple (1/1) D:4

Altars:
Ashenzari
Cheibriados
Dithmenos
Elyvilon
Fedhas
Gozag
Kikubaaqudgha
Makhleb
Nemelex Xobeh
Okawaru
Qazlal
Ru
Trog
Wu Jian
Yredelemnul

Annotations:
D:5 Autsider's ghost, novice MiFi


Innate Abilities, Weirdness & Mutations

((You can walk through water.))
((Your dull iron-grey scales are very hard. (AC +12)))
You cannot fit into any form of body armour.
((You can survive without breathing.))
((You are cold-blooded and may be slowed by cold attacks.))


Message History

You turn into a venomous arachnid creature.
Your +2 flail of protection melds into your body.
Your +1 pair of boots melds into your body.
Your +2 flail of protection goes still.
The orc wizard hits you with a dagger.
* * * LOW HITPOINT WARNING * * *
The orc wizard points at you and mumbles some strange words.
The puff of flame hits you!
* * * LOW HITPOINT WARNING * * *
The orc wizard gestures at you while chanting.
The magic dart hits you!
* * * LOW HITPOINT WARNING * * *
You bite the orc wizard!
The orc wizard is severely wounded.
The orc wizard completely misses you.
You hit the orc wizard but do no damage.
The orc wizard is poisoned.
The orc wizard is severely wounded.
Your transformation is almost over.
The orc wizard hits you with a dagger.
You die...

........#.....##....'....#
........'......#....#....#
........#......#....#....#
........#......#<...#....#
........#.....##....#....#######
........#.....##....#....#.....#
........#...........#....#.....#
........#.......o...#....'.†...#
........#)......s...#....#.....#
........#...........######.....#
........########....##.........#
####...........#######..##.....#
...#...........# #...##.....#
...+...........# #....#.....#
#.##...........# #....#.....#
#.#............# ##..######'#
..#............# ##..##.....#


You could see an orc wizard.

Vanquished Creatures
  Grinder (D:6)
  Sigmund (D:5)
  Edmund (D:6)
  2 sky beasts
  3 ogres
  A centaur (D:6)
  Blork the orc (D:6)
  3 bullfrogs
  A gnoll sergeant (D:5)
  A scorpion (D:6)
  6 wights
  4 crimson imps
  A bullfrog zombie (D:6)
  A quasit (D:6)
  A jelly (D:6)
  An orc wizard (D:3)
  3 orc priests
  7 hounds
  A bullfrog skeleton (D:5)
  2 iguanas
  A worker ant (D:6)
  14 adders
  10 gnolls
  An ooze (D:4)
  3 worms
  6 dart slugs
  7 leopard geckos
  25 orcs
  A bat zombie (D:2)
  9 giant cockroaches
  13 goblins
  11 hobgoblins
  15 jackals
  4 kobolds
  A quokka (D:2)
  2 ball pythons
  8 bats
  18 frilled lizards
  A jackal skeleton (D:6)
  A leopard gecko skeleton (D:4)
  A quokka skeleton (D:4)
  14 rats
208 creatures vanquished.

Notes
Turn   | Place    | Note
-------+----------+-------------------------------------------
     0 | D:1      | kae the Draconian Transmuter began the quest for the Orb.
     0 | D:1      | Reached XP level 1. HP: 16/16 MP: 3/3
   126 | D:1      | Reached XP level 2. HP: 23/23 MP: 5/5
   156 | D:1      | HP: 1/23 [dart slug/slug dart (1)]
   230 | D:1      | Learned a level 2 spell: Sticks to Snakes
   640 | D:1      | Reached XP level 3. HP: 22/29 MP: 4/6
   653 | D:1      | Learned a level 3 spell: Spider Form
  1001 | D:2      | Found a white marble altar of Elyvilon.
  1078 | D:2      | Found an ancient bone altar of Kikubaaqudgha.
  1454 | D:2      | Found an opulent altar of Gozag.
  1624 | D:2      | Reached XP level 4. HP: 27/36 MP: 7/7
  1833 | D:2      | Found a basalt altar of Yredelemnul.
  1931 | D:3      | Reached skill level 4 in Unarmed Combat
  1999 | D:3      | Found a glowing drain.
  2059 | Sewer    | Entered a sewer
  2413 | Sewer    | Reached XP level 5. HP: 42/42 MP: 9/9
  3730 | D:4      | Found a staircase to the Ecumenical Temple.
  3760 | Temple   | Entered the Ecumenical Temple
  3998 | Temple   | Became a worshipper of the Wu Jian Council
  4050 | D:4      | Reached XP level 6. HP: 38/51 MP: 10/10
  4259 | D:4      | Reached skill level 5 in Unarmed Combat
  4440 | D:4      | Found a burning altar of Makhleb.
  4700 | D:4      | Learned a level 5 spell: Blade Hands
  4861 | D:3      | Reached * piety under Wu Jian
  4861 | D:3      | Your scales start taking on a dull iron-grey colour.
  4861 | D:3      | Reached XP level 7. HP: 7/57 MP: 12/12
  4861 | D:3      | Gained mutation: You can survive without breathing. [Grey Draconian growth]
  5354 | D:5      | Entered Level 5 of the Dungeon
  5515 | D:5      | Noticed Autsider's ghost (novice MiFi)
  5634 | D:5      | Noticed Sigmund
  5876 | D:5      | Killed Sigmund
  5876 | D:5      | Reached skill level 6 in Unarmed Combat
  6264 | D:5      | Reached XP level 8. HP: 54/67 MP: 14/14
  7025 | D:6      | Noticed Edmund
  7042 | D:6      | Killed Edmund
  7042 | D:6      | Reached skill level 7 in Unarmed Combat
  7061 | D:6      | Reached ** piety under Wu Jian
  7061 | D:6      | Reached skill level 5 in Fighting
  7209 | D:6      | Reached skill level 5 in Transmutations
  7475 | D:6      | Noticed Blork the orc
  7491 | D:6      | Killed Blork the orc
  7528 | D:6      | Noticed Grinder
  7644 | D:6      | Killed Grinder
  7644 | D:6      | Reached skill level 8 in Unarmed Combat
  7644 | D:6      | Reached skill level 5 in Spellcasting
  7931 | D:6      | Reached XP level 9. HP: 75/75 MP: 16/16
  8677 | D:6      | Slain by an orc wizard

Vault maps used:
D:1:      sevenhm_arrival_forest_fort_large_1
D:2:      lemuel_zombie_altar_kikubaaqudgha, yredelemnul_altar_generic,
          nicolae_overflow_crystal_walls, elyvilon_altar_1
D:3:      gup_sewer_entry_glass, minivault_5
D:4:      lemuel_coloured_pillars_altar, minmay_temple_entry_glassed_door,
          first_bread, minmay_lizard_king
D:5:      uniq_sigmund
D:6:      amethyst_killhole, uniq_blork_the_orc, uniq_grinder, uniq_edmund
D:7:      lemuel_round_altar, lemuel_crystal_altar
Temple:   minmay_temple_curvy_loop
Sewer:    sewer_co_cracked_pipes

Skill      XL: |  1  2  3  4  5  6  7  8  9 |
---------------+----------------------------+-----
Fighting       | 2 3 4 5 6 |  6.2
Unarmed Combat | 4 5 6 8 |  8.8
Transmutations | 3 4 5 6 |  6.0
Spellcasting   | 3 4 5 |  5.5
Dodging        | |  1.7

Action                   |  1- 3 |  4- 6 |  7- 9 || total
-------------------------+-------+-------+-------++-------
Melee: Unarmed           |    98 |    19 |    65 ||   182
       Tailslap          |    14 |    19 |    49 ||    82
       Headbutt          |     5 |     1 |    21 ||    27
       Flail             |    67 |   242 |   336 ||   645
       Punch             |       |     4 |    10 ||    14
 Cast: Beastly Appendage |     4 |     4 |     9 ||    17
       Sticks to Snakes  |     1 |       |       ||     1
       Spider Form       |       |     2 |     7 ||     9
  Use: Potion            |     2 |     1 |       ||     3
       Scroll            |       |    11 |     2 ||    13
 Stab: Sleeping          |     1 |     3 |     2 ||     6
  Eat: Chunk             |     3 |    11 |    14 ||    28
Armor: Skin              |    85 |   131 |   232 ||   448
Dodge: Dodged            |   163 |   249 |   357 ||   769

Table legend:
 A = Spawn XP
 B = Non-spawn XP
 C = Spawn XP percentage of total XP
 D = Spawn monster count
 E = Non-spawn monster count
 F = Spawn count percentage of total count
 G = Total turns spent on level
                    A         B        C        D         E        F      G
               +---------+---------+-------+---------+---------+-------+---------
         Total |       0 |    3820 |   0.0 |       0 |     208 |   0.0 |  8677
               +---------+---------+-------+---------+---------+-------+---------
           D:1 |       0 |      49 |   0.0 |       0 |      29 |   0.0 |  1208
           D:2 |       0 |      61 |   0.0 |       0 |      24 |   0.0 |   706
           D:3 |       0 |     327 |   0.0 |       0 |      42 |   0.0 |  1418
           D:4 |       0 |     401 |   0.0 |       0 |      31 |   0.0 |  1319
           D:5 |       0 |     702 |   0.0 |       0 |      24 |   0.0 |  1086
           D:6 |       0 |    1720 |   0.0 |       0 |      29 |   0.0 |  1838
           D:7 |       0 |     506 |   0.0 |       0 |      14 |   0.0 |   134
         Sewer |       0 |      54 |   0.0 |       0 |      15 |   0.0 |   706
               +---------+---------+-------+---------+---------+-------+---------
